Map: Ulrena

Players

Mammon

  • Race: Zerg Zerg
  • League: Gold

capac - Winner!

  • Race: Terran Terran
  • League: Gold

VOD

Have the link to the VOD?

Description

Time

  • Played on: Feb. 17, 2016, 10:55 a.m.
  • Length: 4:53
Show
View Real Time Build Order
Export as new Build Order

Mammon Zerg 

Build Orders: Pool First 

Get SALT Encoding   

  12  0:01  Drone  
  13  0:09  Drone  
  14  0:27  Spawning Pool  
  13  0:31  Drone  
  14  1:14  Hatchery  
  14  1:16  Drone x2  
  14  1:20  Extractor  
  14  1:21  Extractor  
  14  1:23  Queen  
  15  1:35  Overlord  
  15  1:57  Zergling x6  
  18  2:10  Baneling Nest  
  17  2:33  Zergling x8  
  21  2:43  Drone  
  22  2:53  Extractor  
  22  2:55  Baneling  
  22  2:56  Baneling x4  
  21  3:00  Baneling  
  21  3:08  Drone x2  
  18  3:36  Zergling x8  
  18  3:37  Zergling x6  
  18  3:38  Zergling x2  
  24  4:23  Drone x4  
  28  4:33  Overlord  
Show
View Real Time Build Order
Export as new Build Order

capac Terran - Winner!

Build Orders:  

Get SALT Encoding   

  12  0:01  SCV  
  13  0:13  SCV  
  14  0:18  Supply Depot  
  14  0:25  SCV  
  15  0:40  SCV  
  16  0:44  Barracks  
  15  0:58  SCV  
  16  1:13  SCV  
  17  1:25  Supply Depot  
  17  1:26  Refinery  
  17  1:34  SCV  
  17  1:35  Marine  
  19  1:52  Command Center  
  19  1:54  Marine  
  20  2:12  Barracks  
  19  2:33  Bunker  
  19  2:36  Orbital Command  
  19  2:46  Marine  
  19  2:47  Factory  
  20  3:13  Marine  
  20  3:14  Marine  
  22  3:22  Supply Depot  
  22  3:31  Supply Depot  
  18  3:45  Hellion  
  20  3:52  Marine  
  20  3:53  Marine  
  22  3:56  SCV  
  22  4:01  Refinery  
  23  4:06  Hellion  
  25  4:15  SCV  
  25  4:27  Marine x2, SCV  
Tags
 
League
GoldGold
Matchup
TvZ
Opening
Pool First
Add a new tag
Caveats
  • Supply blocks, unpowered buildings, or Contaminate may cause inaccurate times.
  • Supply counts are checked every 10 seconds.